 Dungeon Sprint DCSS version 0.21-a0-216-g6d3fd91 (webtiles) character file.

12848 potatolord6000 the Unseen (level 11, 0/90 HPs)
             Began as an Octopode Assassin on Aug 22, 2017.
             Was an Initiate of Gozag.
             Killed by divine providence
             ... invoked by an orc high priest
              (14 damage)
             ... in the Dungeon (Sprint IX: "|||||||||||||||||||||||||||||") on Aug 23, 2017.
             The game lasted 00:10:16 (1943 turns).

potatolord6000 the Unseen (Octopode Assassin)       Turns: 1943, Time: 00:10:17

Health: 0/90       AC:  1    Str: 18    XL:     11   Next: 99%
Magic:  16/20      EV: 33    Int: 22    God:    Gozag
Gold:   463        SH:  0    Dex: 19    Spells: 10/10 levels left

rFire    + . .     SeeInvis .   h - +6 rapier (drain)
rCold    + . .     Gourm    .   (no shield)
rNeg     + . .     Faith    .   (helmet restricted)
rPois    +         Spirit   .   (no amulet)
rElec    +         Reflect  .   l - +2 ring of evasion
rCorr    +         Harm     .   a - +3 ring of intelligence
MR       .....     NoTele   +   b - ring "Eseish" {rN+ MP+9}
Stlth    +++++++++.             (no ring)
HPRegen  0.25/turn              (no ring)
MPRegen  0.17/turn              (no ring)
                                (no ring)
                                (no ring)

@: mighty, brilliant, agile, resistant, gold aura, very slightly contaminated,
hasted, invisible, very quick
A: almost no armour, stealthy swim, amphibious, 8 rings, constrict 8, camouflage
1, gelatinous body 1
a: Potion Petition, Call Merchant, Bribe Branch, Renounce Religion


You were in the Dungeon.
You worshipped Gozag.
Gozag was aware of your devotion.
You were very full.

You visited 1 branch You collected 5566 gold pieces.
You spent 140 gold pieces at shops.
You paid 4963 gold pieces to Gozag.

Inventory:

Hand Weapons
 h - a +6 rapier of draining (weapon)
Jewellery
 a - a +3 ring of intelligence (right tentacle)
 b - the ring "Eseish" (on tentacle) {rN+ MP+9}
   (You bought it in a shop in the Dungeon)

   [ring of magical power]

   It protects you from negative energy.
   It affects your magic capacity (+9).
 l - a +2 ring of evasion (left tentacle)
Scrolls
 c - 5 scrolls of remove curse
 d - 2 scrolls of amnesia
 k - 3 scrolls of blinking
 n - a scroll of recharging
Potions
 e - 5 potions of curing
 i - 4 potions of magic
 j - 2 potions of berserk rage
Comestibles
 o - 40 fruits
 p - 12 bread rations
 q - 11 meat rations


   Skills:
 + Level 14.6 Fighting
 + Level 14.6 Short Blades
 - Level 2.0 Throwing
 + Level 14.4 Dodging
 + Level 19.9 Stealth


You had 10 spell levels left.
You didn't know any spells.

Dungeon Overview and Level Annotations

Branches:
Dungeon (1/1)

Altars:
Cheibriados
Dithmenos
Elyvilon
Fedhas
Gozag
Hepliaklqana
Kikubaaqudgha
Makhleb
Nemelex Xobeh
Okawaru
Qazlal
Ru
Sif Muna
Trog
Uskayaw
Vehumet
Wu Jian
Xom
Yredelemnul
Zin
The Shining One
Beogh
Jiyva
Lugonu

Shops:
D *[[*?*[((


Innate Abilities, Weirdness & Mutations

You cannot wear most types of armour.
You are very stealthy in the water. (Stealth+)
You are amphibious.
You can wear up to eight rings at the same time.
You can use your tentacles to constrict eight enemies at once.
Your skin changes colour to match your surroundings (Stealth+).
Your rubbery body absorbs attacks. (AC +1, EV +1)


Message History

The orc high priest calls down the wrath of Beogh upon you.
Beogh smites you!
* * * LOW HITPOINT WARNING * * *
The orc high priest mumbles some strange prayers to Beogh.
Found Jigeg's Assorted Antiques.
Things that are here:
122 gold pieces; a battleaxe Unknown command. [a] - 540 gold - heal wounds, curing, invisibility and agility [b] - 200 gold - might and agility [c] - 736 gold - might, agility, brilliance, haste and resistance Purchase which effect?
You feel very mighty all of a sudden.
You feel more agile all of a sudden.
You feel clever all of a sudden.
You feel yourself speed up.
You feel protected.
The orc high priest mumbles some strange prayers to Beogh against you.
Beogh smites you!
You die...
Your body crumbles into a pile of gold.

.(.'....()'..[[[)/..'____________
▓▓▓▓▓▓▓▓▓▓▓▓▓▓▓▓▓▓▓▓▓▓▓▓▓▓▓▓▓▓▓▓▓
....................)............
▓▓▓▓▓▓▓▓▓▓▓▓▓▓▓▓▓▓▓▓▓▓▓▓▓▓▓▓▓▓▓▓▓
.[[[[..'......∩.....'.........'..
▓▓▓▓▓▓▓▓▓▓▓▓▓▓▓▓▓▓▓▓▓▓▓▓▓▓▓▓▓▓▓▓▓
...........................).....
▓▓▓▓▓▓▓▓▓▓▓▓▓▓▓▓▓▓▓▓▓▓▓▓▓▓▓▓▓▓▓▓▓
$$$$$4ooo4oo@$§$$'[[[[[).∩)[[
▓▓▓▓▓▓▓▓▓▓▓▓▓▓▓▓▓▓▓▓▓▓▓▓


You could see an orc knight, 4 orc high priests, a hellwing and a rust devil
(wandering).

Vanquished Creatures
  Harold (D)
  5 orc high priests (D)
  Sonja (D)
  4 orc knights (D)
  A manticore (D)
  9 spiny frogs (D)
  A komodo dragon (D)
  A rime drake (D)
  A tyrant leech (D)
  3 blink frogs (D)
  A hippogriff (D)
  A yak (D)
  5 water moccasins (D)
  3 porcupines (D)
  8 orc warriors (D)
  A centaur (D)
  2 ogres (D)
  A wolf (D)
  A crocodile (D)
  3 bullfrogs (D)
  A jelly (D)
  4 orc priests (D)
  3 orc wizards (D)
  A worker ant (D)
  A gnoll (D)
  A shadow imp (D)
  A leopard gecko (D)
  7 orcs (D)
  A bat skeleton (D)
  A bat zombie (D)
  A goblin (D)
  A hobgoblin (D)
  2 jackals (D)
  A kobold (D)
  A jackal zombie (D)
80 creatures vanquished.

Notes
Turn   | Place    | Note
-------+----------+-------------------------------------------
     0 | D        | potatolord6000 the Octopode Assassin began the quest for the Orb.
     0 | D        | Reached XP level 1. HP: 14/14 MP: 1/1
    21 | D        | Reached XP level 2. HP: 10/20 MP: 2/2
   179 | D        | Noticed an ogre
   182 | D        | Killed an ogre
   182 | D        | Reached skill level 8 in Stealth
   182 | D        | Reached XP level 3. HP: 27/27 MP: 3/3
   182 | D        | Reached XP level 4. HP: 34/34 MP: 4/4
   191 | D        | Reached skill level 5 in Fighting
   197 | D        | Reached skill level 5 in Short Blades
   197 | D        | Reached XP level 5. HP: 26/39 MP: 5/5
   216 | D        | Found a roughly hewn altar of Beogh.
   216 | D        | Found a snail-covered altar of Cheibriados.
   216 | D        | Found a shadowy altar of Dithmenos.
   216 | D        | Found a white marble altar of Elyvilon.
   216 | D        | Found a blossoming altar of Fedhas.
   216 | D        | Found an opulent altar of Gozag.
   217 | D        | Found a hazy altar of Hepliaklqana.
   218 | D        | Found a viscous altar of Jiyva.
   219 | D        | Found an ancient bone altar of Kikubaaqudgha.
   220 | D        | Found a corrupted altar of Lugonu.
   221 | D        | Found a burning altar of Makhleb.
   222 | D        | Found a sparkling altar of Nemelex Xobeh.
   223 | D        | Found an iron altar of Okawaru.
   224 | D        | Became a worshipper of Gozag Ym Sagoz the Greedy
   225 | D        | Found a stormy altar of Qazlal.
   226 | D        | Found a sacrificial altar of Ru.
   227 | D        | Found a deep blue altar of Sif Muna.
   228 | D        | Found a bloodstained altar of Trog.
   229 | D        | Found a hide-covered altar of Uskayaw.
   230 | D        | Found a radiant altar of Vehumet.
   231 | D        | Found an ornate altar of the Wu Jian Council.
   232 | D        | Found a shimmering altar of Xom.
   233 | D        | Found a basalt altar of Yredelemnul.
   234 | D        | Found a glowing silver altar of Zin.
   235 | D        | Found a glowing golden altar of the Shining One.
   325 | D        | Noticed a yak
   325 | D        | Noticed a water moccasin
   325 | D        | Noticed an ogre
   329 | D        | Reached skill level 5 in Dodging
   329 | D        | Reached skill level 9 in Stealth
   332 | D        | Killed an ogre
   332 | D        | Reached skill level 10 in Stealth
   332 | D        | Reached XP level 6. HP: 30/47 MP: 6/6
   341 | D        | Killed a water moccasin
   341 | D        | Reached skill level 11 in Stealth
   345 | D        | Killed a yak
   345 | D        | Reached XP level 7. HP: 37/55 MP: 7/7
   443 | D        | Noticed a manticore
   445 | D        | Killed a manticore
   445 | D        | Reached skill level 12 in Stealth
   445 | D        | Reached XP level 8. HP: 63/63 MP: 8/8
   450 | D        | Reached skill level 13 in Stealth
   549 | D        | Noticed Harold
   556 | D        | Killed Harold
   556 | D        | Reached skill level 10 in Fighting
   556 | D        | Reached skill level 10 in Short Blades
   556 | D        | Reached skill level 10 in Dodging
   556 | D        | Reached skill level 14 in Stealth
   556 | D        | Reached XP level 9. HP: 71/71 MP: 9/9
   637 | D        | Noticed a spiny frog
   637 | D        | Noticed a spiny frog
   648 | D        | Killed a spiny frog
   656 | D        | Reached skill level 15 in Stealth
   663 | D        | Killed a spiny frog
   869 | D        | Noticed a spiny frog
   869 | D        | Noticed a spiny frog
   872 | D        | Killed a spiny frog
   872 | D        | Reached skill level 16 in Stealth
   872 | D        | Reached XP level 10. HP: 62/79 MP: 10/10
   888 | D        | Killed a spiny frog
  1161 | D        | Noticed a spiny frog
  1161 | D        | Noticed a spiny frog
  1161 | D        | Noticed a spiny frog
  1162 | D        | Noticed a spiny frog
  1163 | D        | Killed a spiny frog
  1163 | D        | Reached skill level 17 in Stealth
  1164 | D        | Noticed a spiny frog
  1176 | D        | Killed a spiny frog
  1204 | D        | Killed a spiny frog
  1209 | D        | Killed a spiny frog
  1212 | D        | Killed a spiny frog
  1212 | D        | Reached XP level 11. HP: 76/88 MP: 11/11
  1436 | D        | Noticed Sonja
  1447 | D        | Killed Sonja
  1447 | D        | Reached skill level 18 in Stealth
  1594 | D        | Upgraded the game from 0.21-a0-215-g0631661 to 0.21-a0-216-g6d3fd91
  1594 | D        | Noticed an orc high priest
  1598 | D        | Killed an orc high priest
  1599 | D        | Noticed an orc knight
  1621 | D        | Killed an orc knight
  1825 | D        | Noticed an orc high priest
  1826 | D        | Noticed an orc high priest
  1832 | D        | Killed an orc high priest
  1853 | D        | Killed an orc high priest
  1853 | D        | Reached skill level 19 in Stealth
  1900 | D        | Bought a slimy ivory ring for 140 gold pieces
  1900 | D        | Identified the ring "Eseish" {rN+ MP+9} (You bought it in a shop in the Dungeon)
  1909 | D        | Found Plog's Magic Scroll Boutique.
  1909 | D        | Noticed an orc high priest
  1909 | D        | Noticed an orc knight
  1909 | D        | Noticed an orc knight
  1909 | D        | Noticed an orc high priest
  1909 | D        | Noticed an orc knight
  1910 | D        | Noticed an orc high priest
  1911 | D        | Killed an orc knight
  1912 | D        | Found Womuygec's Antique Armour Shop.
  1913 | D        | Noticed an orc high priest
  1913 | D        | Killed an orc high priest
  1915 | D        | Noticed an orc knight
  1921 | D        | Killed an orc knight
  1922 | D        | Found Wemmocan's Antique Armour Boutique.
  1922 | D        | Noticed an orc high priest
  1933 | D        | Killed an orc knight
  1934 | D        | Noticed an orc high priest
  1941 | D        | Killed an orc high priest
  1942 | D        | Found Jigeg's Assorted Antiques.
  1943 | D        | Killed from afar by an orc high priest

Vault maps used:
D:        linesprint

Skill      XL: |  1  2  3  4  5  6  7  8  9 10 11 |
---------------+----------------------------------+-----
Dodging        | 2 4 6 7 8 10 11 12 14 | 14.4
Fighting       | 4 5 6 8 9 10 11 13 14 | 14.6
Short Blades   | 4 5 6 7 8 10 11 13 14 | 14.6
Stealth        | 8 10 11 12 14 16 17 19 | 19.9
Throwing       | |  2.0

Action                   |  1- 3 |  4- 6 |  7- 9 | 10-12 || total
-------------------------+-------+-------+-------+-------++-------
Melee: Dagger            |    15 |    18 |       |       ||    33
       Constrict         |     3 |     5 |     9 |    23 ||    40
       Rapier            |       |    15 |    54 |   166 ||   235
       Tentacles         |       |     6 |    14 |    36 ||    56
Invok: Call Merchant     |       |       |     2 |     3 ||     5
       Potion Petition   |       |       |       |     3 ||     3
  Use: Potion            |     1 |     1 |     4 |     7 ||    13
       Scroll            |       |       |     4 |       ||     4
 Stab: Sleeping          |     1 |       |     2 |     9 ||    12
       Invisible         |       |     3 |       |     5 ||     8
       Distracted        |       |       |     1 |     1 ||     2
  Eat: Bread ration      |       |       |       |     1 ||     1
       Meat ration       |       |       |       |     1 ||     1
Dodge: Dodged            |     6 |    21 |    39 |    67 ||   133

Table legend:
 A = Spawn XP
 B = Non-spawn XP
 C = Spawn XP percentage of total XP
 D = Spawn monster count
 E = Non-spawn monster count
 F = Spawn count percentage of total count
 G = Total turns spent on level
                    A         B        C        D         E        F      G
               +---------+---------+-------+---------+---------+-------+---------
         Total |       0 |   18355 |   0.0 |       0 |      80 |   0.0 |  1943
               +---------+---------+-------+---------+---------+-------+---------
             D |       0 |   18355 |   0.0 |       0 |      80 |   0.0 |  1943
               +---------+---------+-------+---------+---------+-------+---------
